AoeStats
← BarroZo

African Clearing

513011130Analyzed
3v3 RM · 5d ago on Oct 11, 2026· 70m 15s· 6 players
Game mode
Random Map
Map size
Normal (6 player)
Population
200
Speed
Normal
Resources
Standard
Victory
Conquest
Starting age
Dark Age
Ending age
Imperial Age
RankedLock teamsTeams togetherTeam positionsShared explorationLock speedFull tech treeHidden civsTurbo modeCheats
Victory
Defeat
🇫🇷 Aztecs · France
965
+14
🇵🇹 Vietnamese · Portugal
936
+16
🇹🇷 Huns · Türkiye
918
+16
vs
🇩🇪 Vietnamese · Germany
990
-18
🇩🇪 Varangians · Germany
984
-17
🇩🇪 Huns · Germany
808
-11
BarroZo
3:39 Loom
18:23 Feudal Age
22:47 Double-Bit Axe
22:46 Horse Collar
22:58 Gold Mining
26:03 Castle Age
24:08 Padded Archer Armor
26:00 Scale Mail Armor
25:56 Fletching
27:07 Bow Saw
26:32 Pikeman
27:33 Chain Mail Armor
27:53 Squires
30:04 Bodkin Arrow
30:28 Leather Archer Armor
32:44 Forging
34:40 Wheelbarrow
33:54 Town Watch
34:21 Thumb Ring
34:39 Ballistics
34:30 Fortified Wall
35:20 Wheelbarrow
39:06 Imperial Age
39:16 Elite Rattan Archer
40:34 Plate Mail Armor
40:39 Bracer
41:36 Ring Archer Armor
42:15 Paper Money
46:18 Hand Cart
49:09 Heavy Plow
50:16 Chemistry
49:54 Iron Casting
50:42 Scale Barding Armor
52:05 Chain Barding Armor
52:26 Bloodlines
53:14 Husbandry
53:43 Light Cavalry
55:46 Plate Barding Armor
67:25 Caravan
ColCol le Grand
5:22 Loom
14:42 Feudal Age
15:41 Double-Bit Axe
24:07 Castle Age
22:24 Horse Collar
22:33 Man-at-Arms
23:57 Scale Mail Armor
25:17 Bow Saw
25:10 Heavy Plow
24:34 Long Swordsman
25:00 Gambesons
25:28 Forging
28:57 Squires
28:43 Arson
30:19 Gold Mining
31:44 Fletching
31:20 Elite Skirmisher
34:41 Wheelbarrow
40:34 Imperial Age
38:21 Hand Cart
37:52 Town Watch
38:20 Stone Mining
40:18 Chain Mail Armor
39:59 Bodkin Arrow
39:34 Pikeman
41:18 Atlatl
41:39 Garland Wars
41:22 Padded Archer Armor
42:13 Town Patrol
41:43 Imperial Skirmisher
44:43 Gold Shaft Mining
44:31 Conscription
45:49 Elite Jaguar Warrior
48:49 Leather Archer Armor
49:34 Sappers
51:01 Crop Rotation
54:09 Bracer
54:40 Plate Mail Armor
53:33 Two-Handed Swordsman
55:07 Ballistics
58:44 Chemistry
57:51 Siege Engineers
58:27 Iron Casting
57:16 Champion
60:05 Caravan
65:27 Capped Ram
68:14 Siege Ram
JOSE_JOE
4:34 Loom
15:03 Feudal Age
19:36 Castle Age
17:56 Double-Bit Axe
18:03 Gold Mining
18:08 Fletching
18:04 Horse Collar
22:04 Gold Shaft Mining
23:17 Padded Archer Armor
26:42 Bloodlines
26:33 Husbandry
28:49 Stone Mining
29:53 Thumb Ring
31:48 Bow Saw
36:05 Imperial Age
35:44 Wheelbarrow
34:54 Town Watch
38:25 Hand Cart
39:43 Ballistics
40:24 Chemistry
39:35 Masonry
39:06 Light Cavalry
41:21 Conscription
42:35 Two-Man Saw
42:24 Leather Archer Armor
42:40 Heavy Plow
44:46 Hussar
47:28 Parthian Tactics
47:21 Forging
47:16 Scale Barding Armor
47:45 Murder Holes
48:32 Heavy Cavalry Archer
55:44 Town Patrol
56:27 Iron Casting
55:49 Bodkin Arrow
56:23 Chain Barding Armor
Chrizzlybär
7:42 Loom
17:51 Feudal Age
19:20 Double-Bit Axe
22:55 Castle Age
21:32 Wheelbarrow
21:47 Horse Collar
23:02 Bloodlines
22:58 Gold Mining
22:59 Stone Mining
24:38 Husbandry
25:58 Heavy Plow
31:49 Bow Saw
35:20 Ballistics
36:22 Thumb Ring
44:27 Imperial Age
52:24 Two-Man Saw
52:09 Gold Shaft Mining
53:43 Hand Cart
55:19 Parthian Tactics
55:44 Parthian Tactics
55:17 Town Watch
57:04 Chemistry
56:30 Padded Archer Armor
56:21 Fletching
56:42 Forging
57:13 Heavy Cavalry Archer
58:12 Scale Barding Armor
58:12 Bodkin Arrow
65:06 Bracer
65:21 Leather Archer Armor
MarcusMaximus
16:13 Feudal Age
17:33 Double-Bit Axe
20:07 Castle Age
17:52 Horse Collar
18:08 Stone Mining
18:32 Bloodlines
18:32 Gold Mining
21:35 Bow Saw
22:28 Heavy Plow
24:31 Loom
25:27 Loom
27:25 Husbandry
27:33 Scale Barding Armor
27:38 Forging
27:26 Town Watch
29:17 Wheelbarrow
29:53 Chain Barding Armor
29:44 Forging
34:34 Imperial Age
33:09 Chain Barding Armor
34:44 Iron Casting
34:01 Fletching
35:58 Cavalier
36:41 Vendel Legacy
37:42 Conscription
38:02 Plate Barding Armor
38:24 Hand Cart
41:46 Treadmill Crane
43:14 Squires
48:32 Blast Furnace
47:55 Light Cavalry
49:09 Scale Mail Armor
50:43 Gambesons
54:22 Elite Varangian Guard
56:22 Elite Jarl
58:33 Pikeman
62:29 Caravan
marco.ulrich
16:07 Feudal Age
20:26 Castle Age
18:38 Double-Bit Axe
19:25 Horse Collar
21:28 Bow Saw
21:49 Elite Skirmisher
23:11 Wheelbarrow
25:17 Loom
28:51 Heavy Plow
31:23 Hand Cart
32:28 Husbandry
32:50 Fletching
34:57 Bloodlines
44:34 Imperial Age
45:04 Bodkin Arrow
45:10 Padded Archer Armor
45:21 Forging
45:08 Imperial Skirmisher
49:46 Two-Man Saw
48:39 Gold Mining
48:39 Stone Mining
48:17 Elite Fire Lancer
57:25 Squires
56:57 Light Cavalry
57:48 Pikeman
61:28 Scale Barding Armor
61:59 Iron Casting
66:58 Halberdier
Connection lost

Rejoining the realm…

Still unreachable

The connection could not be restored.

Session expired

The server has moved on; the page needs a fresh start.